 Dungeon Crawl Stone Soup version 0.15-a0-1253-g15b4f57 (webtiles) character file.

418 Psiweapon the Bolt Thrower (level 7, -6/38 HPs)
             Began as a Kobold Hunter on June 4, 2014.
             Mangled by Menkaure (22 damage)
             ... on Level 4 of the Dungeon.
             The game lasted 00:15:18 (3329 turns).

Psiweapon the Bolt Thrower (Kobold Hunter)          Turns: 3329, Time: 00:15:18

HP  -6/38        AC  3     Str 12      XL: 7   Next: 16%
MP   7/7         EV 16     Int  9      God:
Gold 167         SH  0     Dex 17      Spells:  0 memorised,  6 levels left

rFire  . . .     SeeInvis .     g - +2,+0 dagger (holy)
rCold  . . .     Clarity  .     d - +0 leather armour
rNeg   . . .     rCorr    .     (no shield)
rPois  .         rRot     .     (no helmet)
rElec  .         Spirit   .     (no cloak)
SustAb .         Warding  .     (no gloves)
rMut   .         Stasis   .     (no boots)
Gourm  .                        (no amulet)
MR     .....                    (no ring)
                                (no ring)

@: not resistant to hostile enchantments, fairly stealthy
A: carnivore 3
a: no special abilities


You were on level 4 of the Dungeon.
You were completely stuffed.

You visited 1 branch of the dungeon, and saw 4 of its levels.

You collected 167 gold pieces.

Inventory:

Hand weapons
 a - a +0,+0 short sword
 b - a +1,+1 crossbow
 g - a +2,+0 dagger of holy wrath (weapon)
 j - a +0,+2 dagger
Missiles
 c - 37 bolts
 i - 19 stones (quivered)
Armour
 d - a +0 leather armour (worn)
 e - a cursed -1 ring mail
 y - a +0 buckler
Comestibles
 f - 5 meat rations
 k - a rotting chunk of orc flesh
 r - a royal jelly
 s - a rotting chunk of bat flesh
 t - 5 rotting chunks of orc flesh
 x - a beef jerky
Scrolls
 h - a scroll of noise
 m - 3 scrolls of enchant weapon I {unknown}
 o - a scroll of magic mapping
 p - a scroll of enchant armour {unknown}
 v - a scroll of teleportation {unknown}
 A - 2 scrolls of fear {unknown}
Potions
 l - a potion of agility {unknown}
 n - 2 potions of curing
 q - a potion of resistance {unknown}
 w - a potion of restore abilities


   Skills:
 - Level 1.1 Fighting
 + Level 7.0 Crossbows
 + Level 5.4 Dodging
 + Level 5.3 Stealth


You had 6 spell levels left.
You didn't know any spells.

Dungeon Overview and Level Annotations

Branches:
Dungeon (4/15)
 Temple: D:4-7

Altars:
Cheibriados

Shops:
D:4 (

Annotations:
D:4 Menkaure


Innate Abilities, Weirdness & Mutations

You are small and have problems with some larger weapons.
You are carnivorous and can eat meat at any time.


Message History

You hit Menkaure but do no damage.
Menkaure is moderately damaged.
Menkaure barely misses you.
You barely miss Menkaure.
Menkaure is moderately damaged.
Menkaure casts a spell.
Menkaure seems to speed up.
You hit Menkaure but do no damage.
Menkaure is moderately damaged.
Menkaure sighs in an indecipherable tongue.
Menkaure barely misses you.
You closely miss Menkaure.
Menkaure is moderately damaged.
Menkaure hits you!!
Ouch! That really hurt!
You hit Menkaure.
Menkaure convulses.
Menkaure is heavily damaged.
Menkaure hits you!!
Ouch! That really hurt!
You die...

### #......# # ###'#### #
####).# # #....## # #.####
#### ##'######### ...#
#..........#
...####..........####
.....##.....[...@M((#
...#..#..........##.......
.####.'..........# #(...
.# ###..........# .>. .#
#########'## # ## ###.#
##### #...# .....
####+##### .....
#........#


You could see Menkaure.

Vanquished Creatures
  2 hounds (D:4)
  3 orc priests
  4 orc wizards
  4 adders
  A giant mite (D:4)
  3 worms
  11 orcs
  A ball python (D:2)
  5 giant cockroaches
  10 goblins
  11 hobgoblins
  3 jackals
  6 kobolds
  11 bats
  3 giant geckos
  A hobgoblin skeleton (D:4)
  10 rats
89 creatures vanquished.

Notes
Turn   | Place    | Note
--------------------------------------------------------------
     0 | D:1      | Psiweapon, the Kobold Hunter, began the quest for the Orb.
     0 | D:1      | Reached XP level 1. HP: 12/12 MP: 1/1
    99 | D:2      | Reached skill level 5 in Crossbows
   228 | D:3      | Reached XP level 2. HP: 10/16 MP: 2/2
   343 | D:2      | Reached XP level 3. HP: 17/20 MP: 3/3
   615 | D:1      | Found a snail-covered altar of Cheibriados.
   837 | D:2      | Reached XP level 4. HP: 22/25 MP: 4/4
  1922 | D:3      | Reached skill level 6 in Crossbows
  2031 | D:3      | Reached XP level 5. HP: 29/29 MP: 5/5
  2523 | D:4      | Reached XP level 6. HP: 25/34 MP: 6/6
  2611 | D:4      | Found Neism's Antique Weapon Shop.
  2887 | D:4      | Reached skill level 5 in Dodging
  2892 | D:4      | Reached skill level 5 in Stealth
  3056 | D:4      | Reached XP level 7. HP: 21/38 MP: 7/7
  3064 | D:4      | Reached skill level 7 in Crossbows
  3321 | D:4      | Noticed Menkaure
  3329 | D:4      | Mangled by Menkaure

Action                   |  1- 3 |  4- 6 |  7- 9 || total
-------------------------+-------+-------+-------++-------
Melee: Dagger            |    19 |    41 |     5 ||    65
 Fire: Crossbow          |    56 |   172 |    13 ||   241
  Use: Potion            |       |     5 |       ||     5
       Scroll            |       |     4 |       ||     4
